 Dungeon Crawl Stone Soup version 0.17-a0-1572-g7a1422d (webtiles) character file.

277 karlkraus the Covert (level 6, -7/41 HPs)
             Began as an Octopode Assassin on July 26, 2015.
             Mangled by Grinder (10 damage)
             ... on level 3 of the Dungeon.
             The game lasted 00:09:48 (1657 turns).

karlkraus the Covert (Octopode Assassin)            Turns: 1657, Time: 00:09:49

Health: -7/41      AC:  2    Str: 10    XL:     6   Next: 26%
Magic:  6/6        EV: 11    Int: 14    God:
Gold:   87         SH:  3    Dex: 15    Spells: 0 memorised, 5 levels left

rFire  . . .     SeeInvis .     a - +2 dagger
rCold  . . .     Clarity  .     u - +0 buckler
rNeg   . . .     SustAt   .     c - +1 hat
rPois  .         Gourm    .     (no amulet)
rElec  .         Spirit   .     (no ring)
rCorr  .         Warding  .     (no ring)
rMut   .         Stasis   .     (no ring)
MR     .....                    (no ring)
Stlth  ++++++....               (no ring)
                                (no ring)
                                (no ring)
                                (no ring)

@: not resistant to hostile enchantments, very stealthy
A: almost no armour, amphibious, 8 rings, constrict 8, camouflage 1, gelatinous
body 1
a: no special abilities


You were on level 3 of the Dungeon.
You were not hungry.

You visited 1 branch of the dungeon, and saw 3 of its levels.

You collected 87 gold pieces.

Inventory:

Hand weapons
 a - a +2 dagger (weapon)
 b - a +0 blowgun
Missiles
 d - 2 curare-tipped needles
 s - 7 poisoned needles
Armour
 c - a +1 hat (worn)
 u - a +0 buckler (worn)
Scrolls
 f - a scroll of blinking
 p - a scroll of immolation {unknown}
 t - 2 scrolls of random uselessness {unknown}
 v - 2 scrolls of teleportation {unknown}
Potions
 g - 3 potions of curing
 h - a potion of might
 i - a potion of degeneration {unknown}
 j - 3 potions of haste
 l - a potion of heal wounds
 m - 2 potions of invisibility
 n - a potion of brilliance
 o - a potion of lignification
 z - a potion of agility
Comestibles
 e - 4 bread rations
 k - 3 meat rations
 r - a slice of pizza
 x - a beef jerky


   Skills:
 + Level 2.4 Fighting
 + Level 2.8 Short Blades
 + Level 2.8 Throwing
 + Level 1.5 Dodging
 + Level 8.9 Stealth


You had 5 spell levels left.
You didn't know any spells.

Dungeon Overview and Level Annotations

Branches:
Dungeon (3/15)

Altars:
Ashenzari
Elyvilon

Annotations:
D:3 Grinder


Innate Abilities, Weirdness & Mutations

You cannot wear most types of armour.
You are amphibious.
You can wear up to eight rings at the same time.
You can use your tentacles to constrict eight enemies at once.
Your skin changes colour to match your surroundings (Stealth).
Your rubbery body absorbs attacks (AC +1).


Message History

Pain shoots through your body!
* * * LOW HITPOINT WARNING * * *
The bat barely misses you. Grinder gestures at you.
You suddenly lose the ability to move!
The bat barely misses you. The bat hits you but does no damage.
You can move again.
You hit the bat. Your grab misses the bat.
The bat is moderately wounded.
The bat hits you but does no damage. The bat barely misses you.
Grinder barely misses you.
You closely miss the bat. You grab the bat.
The bat is moderately wounded.
You constrict the bat. The bat hits you but does no damage.
The bat barely misses you. Grinder barely misses you.
The bat closely misses you.
You hit the bat but do no damage.
The bat is heavily wounded.
You constrict the bat. You block the bat's attack. Grinder hits you!
You die...

#...## #....###
#......# # #...##.#
#. #....#.# .# .
#...###...#### #.#
..... ##.....# #..#
$... ##5##.####..#
...# ## #@b...##..#
... #.#####.....#
#...####....####
#.)...##....†..##
#.....##...).#.(# #
#..#.[.....#.#..#####
##..#................
##.#########......##
#.# ...##.....##


You could see Grinder and a bat.

Vanquished Creatures
  Sigmund (D:3)
  Natasha (D:2)
  4 adders
  An ooze (D:2)
  A worm (D:2)
  4 giant geckos
  An orc (D:3)
  2 giant cockroaches
  5 goblins
  9 hobgoblins
  2 jackals (D:2)
  4 kobolds
  5 bats
  5 giant newts
  A quokka (D:2)
  7 rats
53 creatures vanquished.

Notes
Turn   | Place    | Note
--------------------------------------------------------------
     0 | D:1      | karlkraus the Octopode Assassin began the quest for the Orb.
     0 | D:1      | Reached XP level 1. HP: 14/14 MP: 1/1
   345 | D:1      | Reached XP level 2. HP: 19/19 MP: 2/2
   503 | D:1      | Reached skill level 6 in Stealth
   726 | D:2      | Reached XP level 3. HP: 22/24 MP: 3/3
   878 | D:2      | Found a white marble altar of Elyvilon.
  1073 | D:2      | Found a shattered altar of Ashenzari.
  1114 | D:2      | Reached skill level 7 in Stealth
  1145 | D:2      | Reached XP level 4. HP: 8/29 MP: 4/4
  1287 | D:2      | Noticed Natasha
  1289 | D:2      | Killed Natasha
  1517 | D:3      | Reached XP level 5. HP: 34/34 MP: 5/5
  1597 | D:3      | Noticed Sigmund
  1603 | D:3      | Killed Sigmund
  1603 | D:3      | Reached skill level 8 in Stealth
  1603 | D:3      | Reached XP level 6. HP: 39/41 MP: 6/6
  1629 | D:3      | Noticed Grinder
  1648 | D:3      | Paralysed by Grinder for 3 turns
  1653 | D:3      | Paralysed by Grinder for 2 turns
  1657 | D:3      | Mangled by Grinder

Vault maps used:
D:1:      dpeg_arrival_stonehenge_8_columns
D:2:      elyvilon_altar_3, evilmike_ruin_ashenzari, first_bread, uniq_natasha
D:3:      serial_aquarium, aquarium_bridge_square, aquarium_bridge_square,
          aquarium_window_1, aquarium_window_2, aquarium_window_fake,
          aquarium_window_1, aquarium_view_2f, aquarium_view_2e,
          aquarium_balcony_3b, uniq_sigmund, uniq_grinder

Action                   |  1- 3 |  4- 6 || total
-------------------------+-------+-------++-------
Melee: Dagger            |    51 |    28 ||    79
 Fire: Blowgun           |    18 |       ||    18
  Use: Scroll            |     4 |     6 ||    10
       Potion            |       |     2 ||     2
 Stab: Sleeping          |    15 |    11 ||    26
  Eat: Chunk             |       |     2 ||     2
